 Dungeon Crawl Stone Soup version 0.17.2 (webtiles) character file.

321 tognito the Chopper (level 6, -1/84 HPs)
             Began as a Minotaur Berserker on June 4, 2016.
             Was a Priest of Trog.
             Slain by an orc priest
             ... wielding a +0 flail
              (3 damage)
             ... on level 3 of the Dungeon.
             The game lasted 00:07:16 (2577 turns).

tognito the Chopper (Minotaur Berserker)            Turns: 2577, Time: 00:07:16

Health: -1/84      AC:  4    Str: 29    XL:     6   Next: 22%
Magic:  5/5        EV: 13    Int:  4    God:    Trog [***...]
Gold:   191        SH:  0    Dex:  9    Spells: 0 memorised, 5 levels left

rFire  . . .     SeeInvis .     a - +0 hand axe
rCold  . . .     Clarity  .     b - +0 animal skin
rNeg   + . .     SustAt   .     (no shield)
rPois  .         Gourm    .     (helmet restricted)
rElec  .         Spirit   .     k - +0 cloak
rCorr  .         Warding  .     f - +0 pair of gloves
rMut   .         Stasis   .     (no boots)
MR     .....                    (no amulet)
Stlth  ..........               (no ring)
                                n - ring of positive energy

@: berserking (expiring), very quick, not resistant to hostile enchantments,
extremely unstealthy
A: retaliatory headbutt, horns 2
a: Berserk, Trog's Hand, Burn Spellbooks, Renounce Religion


You were on level 3 of the Dungeon.
You worshipped Trog.
Trog was most pleased with you.
You were not hungry.

You visited 1 branch of the dungeon, and saw 3 of its levels.

You collected 191 gold pieces.

Inventory:

Hand Weapons
 a - a +0 hand axe (weapon)
Missiles
 e - 49 bolts
 h - 13 arrows
Armour
 b - a +0 animal skin (worn)
 f - a +0 pair of gloves (worn)
 k - a +0 cloak (worn)
Jewellery
 n - a ring of positive energy (left hand)
Wands
 m - a wand of heal wounds (4)
Scrolls
 d - a scroll of enchant armour {unknown}
 g - 5 scrolls of identify {unknown}
 j - a scroll of teleportation {unknown}
 q - 4 scrolls of remove curse {unknown}
 r - a scroll of fear {unknown}
Potions
 o - a potion of curing
 p - a potion of brilliance
 t - a potion of heal wounds
Comestibles
 c - 2 bread rations
 i - 3 meat rations
 l - 2 beef jerkies


   Skills:
 * Level 5.3 Fighting
 * Level 6.1 Axes
 + Level 2.5 Armour
 + Level 4.4 Dodging


You had 5 spell levels left.
You didn't know any spells.

Dungeon Overview and Level Annotations

Branches:
Dungeon (3/15)

Altars:
Makhleb
Vehumet

Annotations:
D:3 Grinder


Innate Abilities, Weirdness & Mutations

You reflexively headbutt those who attack you in melee.
You have a pair of horns on your head.


Message History

You slash the orc priest!
The orc priest is heavily wounded.
You barely miss the orc priest. Your headbutt misses the orc priest.
The orc priest is heavily wounded.
You miss something. The orc priest hits you with a spear.
* * * LOW HITPOINT WARNING * * *
Something hits you but does no damage.
You hit the orc priest. You headbutt the orc priest.
You kill the orc priest!
Trog accepts your kill.
You closely miss something.
You hear something call down the wrath of Beogh upon you.
Something smites you!
* * * LOW HITPOINT WARNING * * *
Found a triangular zirconium amulet.
Items here: ) ? [ † a spear; a ring mail; a scroll labeled GUUTTOBIPP; an orc corpse You feel a strong urge to attack something.
You closely miss something. Your headbutt misses something. Something hits you.
You die...

##.....#### ...#.
#......# ..#.
#......# ....
#...†..# .. #
#......# .# ..
##.....# #.##.#
##..#.## ...>.##
####..#######.......
##......@).....#
#.###'###.....# #.#
#.# ..#### #.# #.#
..# #.+ ._. ..# #.#
### ..# #.# ### ..#
#. ### ".# ...


There were no monsters in sight!

Vanquished Creatures
  The ghost of Goblin1989 the Insei, an amateur DsMo (D:3)
  2 orc priests (D:3)
  An orc wizard (D:2)
  Robin (D:3)
  An adder (D:2)
  4 worms (D:2)
  4 giant geckos
  4 orcs (D:3)
  A giant cockroach (D:3)
  13 goblins
  8 hobgoblins
  2 jackals
  3 quokkas
  8 bats
  6 kobolds
  6 rats
65 creatures vanquished.

Notes
Turn   | Place    | Note
--------------------------------------------------------------
     0 | D:1      | tognito the Minotaur Berserker began the quest for the Orb.
     0 | D:1      | Reached XP level 1. HP: 19/19 MP: 0/0
   170 | D:1      | Reached skill level 4 in Axes
   227 | D:1      | Reached XP level 2. HP: 27/27 MP: 1/1
  1126 | D:2      | Reached ** piety under Trog
  1375 | D:2      | Reached XP level 3. HP: 33/33 MP: 2/2
  1796 | D:2      | Found a burning altar of Makhleb.
  1859 | D:3      | Noticed Grinder
  1861 | D:3      | Noticed Robin
  1866 | D:3      | Noticed Goblin1989's ghost (amateur DsMo)
  1868 | D:2      | Reached XP level 4. HP: 8/41 MP: 3/3
  2039 | D:3      | Reached skill level 5 in Axes
  2157 | D:3      | Killed Goblin1989's ghost
  2157 | D:3      | Reached skill level 5 in Fighting
  2157 | D:3      | Reached XP level 5. HP: 4/48 MP: 4/4
  2432 | D:3      | Killed Robin
  2432 | D:3      | Reached XP level 6. HP: 56/56 MP: 5/5
  2524 | D:3      | Reached *** piety under Trog
  2561 | D:3      | Found a radiant altar of Vehumet.
  2569 | D:3      | Reached skill level 6 in Axes
  2575 | D:3      | HP: 2/84 [something (10)]
  2577 | D:3      | Slain by an orc priest

Action                   |  1- 3 |  4- 6 || total
-------------------------+-------+-------++-------
Melee: Hand axe          |    79 |    52 ||   131
Invok: Trog's Hand       |     1 |       ||     1
       Berserk           |       |     3 ||     3
  Use: Potion            |     7 |     1 ||     8
  Eat: Chunk             |     3 |     5 ||     8
